 Dungeon Sprint DCSS version 0.28-a0-697-g47f3eba078 (webtiles) character file.

Game seed: 6497058105360955305

424 mhtbhm the Protected (level 7, -7/56 (58) HPs)
             Began as a Human Fighter on Oct 24, 2021.
             Was an Initiate of Okawaru.
             Mangled by a soul eater (14 damage)
             ... summoned by a kobold demonologist
             ... in the Dungeon (Sprint III: "The Ten Rune Challenge").
             The game lasted 00:02:31 (1256 turns).

mhtbhm the Protected (Human Fighter)                Turns: 1256, Time: 00:02:32

HP:   -7/56 (58)    AC: -3    Str: 19    XL:     7   Next: 17%
MP:   7/7           EV: 10    Int:  8    God:    Okawaru [......]
Gold: 31            SH:  5    Dex: 12    Spells: 6/6 levels left

rFire   + . .      SeeInvis .   a - +0 long sword
rCold   . . .      Faith    .   c - +0 buckler
rNeg    . . .      Spirit   .   b - +0 scale mail
rPois   .          Reflect  .   (no helmet)
rElec   .          Harm     .   (no cloak)
rCorr   .          Rampage  .   (no gloves)
Will    .....      Rage     1%  (no boots) Stlth +.........NoTele +
                                (no amulet)
HPRegen 0.18/turn               (no ring)
MPRegen 0.10/turn               (no ring)

@: corroded, lightly drained
A: camouflage 1, berserk 1, fire resistance 1
a: Renounce Religion


You were in the Dungeon.
You worshipped Okawaru.
Okawaru was noncommittal.
You visited 1 branch You collected 31 gold pieces.

Inventory:

Hand Weapons
 a - a +0 long sword (weapon)
Armour
 b - a +0 scale mail (worn)
 c - a +0 buckler (worn)
Scrolls
 f - a scroll of immolation
Potions
 e - a potion of mutation
 h - 2 potions of magic
 i - a potion of invisibility
 l - a potion of brilliance
 n - 3 potions of flight


   Skills:
 + Level 6.3 Fighting
 + Level 7.7 Long Blades
 + Level 9.4 Armour
 + Level 1.0 Dodging
 + Level 1.4 Stealth
 + Level 6.8 Shields


You had 6 spell levels left.
You didn't know any spells.
Your spell library was empty.

Dungeon Overview and Level Annotations

Branches:
Dungeon (1/1)

Altars:
Kikubaaqudgha
Okawaru
Sif Muna
Trog
Uskayaw
Vehumet
Wu Jian
Beogh


Innate Abilities, Weirdness & Mutations

Your skin changes colour to match your surroundings (Stealth+).
You tend to lose your temper in combat.
Your flesh is heat resistant. (rF+)


Message History

The wizard mumbles some strange words.
The wizard flickers and vanishes!
Deactivating autopickup; reactivate with Ctrl-A.
The soul eater hits you. The rust devil hits you. The rust devil corrodes you!
Unknown command.
You hit the kobold demonologist but do no damage.
The kobold demonologist casts a spell.
Something hits you. The soul eater hits you. The rust devil hits you.
The rust devil corrodes you!
Unknown command.
Unknown command.
You closely miss the kobold demonologist.
The kobold demonologist casts a spell.
Something hits you. The shadow imp hits you. The rust devil barely misses you.
You block the shadow imp's attack. The soul eater hits you!
You feel drained.
You closely miss the kobold demonologist.
The kobold demonologist barely misses you.
Something hits you.
* * * LOW HITPOINT WARNING * * *
The soul eater closely misses you. The shadow imp closely misses you.
The rust devil hits you.
* * * LOW HITPOINT WARNING * * *
The rust devil corrodes you! The shadow imp barely misses you.
Unknown command.
Okay, then.
Unknown command.
Okay, then.
As you read the scroll of holy word, it crumbles to dust.
You speak a Word of immense power!
The rust devil convulses!
The soul eater convulses!
The shadow imp convulses!
You kill the shadow imp!
The shadow imp disappears in a puff of smoke!
The shadow imp convulses!
You kill the shadow imp!
The shadow imp disappears in a puff of smoke!
The kobold demonologist casts a spell.
Something hits you.
* * * LOW HITPOINT WARNING * * *
You block the rust devil's attack. The soul eater hits you!
You die...

###....♣♣♣ ♣♣.# #__.#
..#....≈.♣♣♣..###+#'###+##
..#...≈≈.♣.♣..#..........#
..#..≈≈≈≈♣♣.♣.'.⌠........#
#'#..≈≈≈≈≈≈...#...######+#
..#.≈≈≈≈≈≈....#.⌠.#
..#.≈≈≈≈≈.....#...#
..#.≈≈≈.......#5###
###...........#4@K#
..............#53{#
▓▓▓▓▓▓▓▓▓▓▓▓▓▓▓▓▓▓▓


You could see a soul eater (summoned, dazed), a rust devil (summoned, dazed), a
kobold demonologist, an iron imp (summoned) and a quasit (summoned).

Vanquished Creatures
  A scorpion (D)
  A water elemental (D)
  3 humans (D)
  An endoplasm (D)
  3 rats (D)
9 creatures vanquished.

Vanquished Creatures (others)
  2 plants (D)
2 creatures vanquished.

Grand Total: 11 creatures vanquished

Notes
Turn   | Place    | Note
-------+----------+-------------------------------------------
     0 | D        | mhtbhm the Human Fighter began the quest for the Orb.
     0 | D        | Reached XP level 1. HP: 18/18 MP: 1/1
   282 | D        | Reached skill level 4 in Armour
   282 | D        | Reached XP level 2. HP: 16/25 MP: 2/2
   282 | D        | Reached XP level 3. HP: 19/30 MP: 3/3
   383 | D        | Noticed a scorpion
   413 | D        | Killed a scorpion
   414 | D        | Reached skill level 5 in Armour
   414 | D        | Reached skill level 5 in Shields
   414 | D        | Reached XP level 4. HP: 5/38 MP: 4/4
   690 | D        | Gained mutation: Your flesh is heat resistant. (rF+)
                  | [potion of mutation]
   690 | D        | Gained mutation: You tend to lose your temper in combat.
                  | [potion of mutation]
   690 | D        | Gained mutation: Your skin changes colour to match your
                  | surroundings (Stealth+). [potion of mutation]
   719 | D        | Noticed a water elemental
   728 | D        | Killed a water elemental
   729 | D        | Reached skill level 5 in Fighting
   729 | D        | Reached skill level 5 in Long Blades
   729 | D        | Reached skill level 6 in Armour
   729 | D        | Reached XP level 5. HP: 16/44 MP: 5/5
   935 | D        | Found a hide-covered altar of Uskayaw.
   935 | D        | Found an iron altar of Okawaru.
   935 | D        | Found a bloodstained altar of Trog.
   935 | D        | Found an ornate altar of the Wu Jian Council.
   935 | D        | Noticed a human
   936 | D        | Noticed a human
   976 | D        | Killed a human
   977 | D        | Reached skill level 8 in Armour
   977 | D        | Reached XP level 6. HP: 13/52 MP: 6/6
   986 | D        | Killed a human
   987 | D        | Reached skill level 9 in Armour
   987 | D        | Reached skill level 1 in Dodging
   987 | D        | Reached skill level 1 in Stealth
   987 | D        | Reached XP level 7. HP: 11/58 MP: 7/7
  1236 | D        | Became a worshipper of Warmaster Okawaru
  1249 | D        | Found a radiant altar of Vehumet.
  1250 | D        | Found a shimmering blue altar of Sif Muna.
  1250 | D        | Found an ancient bone altar of Kikubaaqudgha.
  1251 | D        | Noticed a soul eater
  1252 | D        | Noticed a rust devil
  1256 | D        | Mangled by a soul eater

Illustrated notes

Levels and vault maps discovered:
D:        dungeon_sprint_mu [sprint_mu_entry_forest, sprint_mu_temple_rooms,
          sprint_mu_d1_spiders, sprint_mu_d2_genie, sprint_mu_d3_branching,
          sprint_mu_orc_legion, sprint_mu_elf_gauntlet, sprint_mu_hive_nellie,
          sprint_mu_lair_fedhas, sprint_mu_vaults_butterflies,
          sprint_mu_slime_circle, sprint_mu_swamp_cave, sprint_mu_snake_twists,
          sprint_mu_blade_basic, sprint_mu_crypt_lich, sprint_mu_tomb_spiral,
          sprint_mu_vestibule_basic, sprint_mu_gehenna_hellfire,
          sprint_mu_dis_giant, sprint_mu_tartarus_statrot,
          sprint_mu_cocytus_islands, sprint_mu_zot1]

Skill      XL: |  1  2  3  4  5  6 |
---------------+-------------------+-----
Armour         | 4 5 6 8 9 |  9.4
Shields        | 4 5 6 |  6.8
Fighting       | 4 5 6 |  6.3
Long Blades    | 4 5 6 7 |  7.7
Dodging        | 1 |  1.0
Stealth        | 1 |  1.4

Action                   |  1- 3 |  4- 6 |  7- 9 || total
-------------------------+-------+-------+-------++-------
Melee: Long sword        |    53 |    15 |     4 ||    72
  Use: Potion            |     3 |     4 |       ||     7
       Scroll            |       |     5 |     1 ||     6
 Stab: Invisible         |       |     1 |       ||     1
Armor: Scale mail        |    20 |     3 |     1 ||    24
Dodge: Dodged            |    19 |     7 |     6 ||    32
Block: Buckler           |    14 |     1 |     2 ||    17

Table legend: (Time is in decaauts)
 A = Elapsed time spent in this place.
 B = Non-inter-level travel time spent in this place.
 C = Inter-level travel time spent in this place.
 D = Time resting spent in this place.
 E = Time spent auto-exploring this place.
 F = Levels seen in this place.
 G = Mean time per level.
                   A        B        C        D        E       F      G
               +--------+--------+--------+--------+--------+-----+--------+
         Total |   1273 |   1273 |      0 |    957 |      0 |   1 | 1273.0 |
       Dungeon |   1273 |   1273 |      0 |    957 |      0 |   1 | 1273.0 |
               +--------+--------+--------+--------+--------+-----+--------+

Top non-repeatable levels by time:
       D: 1273 daAuts
